 Dungeon Crawl Stone Soup version 0.31.0-32-g396128a36d (webtiles) character file.

Game seed: 6500008661680647743

1740 monsoonserge the Grappler (level 9, 0/56 HPs)
             Began as an Octopode Shapeshifter on Apr 11, 2024.
             Was an Initiate of Gozag.
             Slain by a yak (12 damage)
             ... on level 6 of the Dungeon.
             The game lasted 00:16:14 (5451 turns).

monsoonserge the Grappler (Octopode Shapeshifter)   Turns: 5451, Time: 00:16:14

Health: 0/56       AC:  1    Str: 17    XL:     9   Next: 5%
Magic:  10/10      EV: 13    Int: 13    God:    Gozag
Gold:   187        SH:  0    Dex: 11    Spells: 8/10 levels left

rFire   + .          .
                       - Unarmed
rCold   . . .        (no shield)
rNeg    . . .        (helmet currently unavailable)
rPois   .            m - amulet of the acrobat
rElec   .            j - ring of wizardry
rCorr   .            k - ring of protection from fire
SInv    .            (no ring)
Will    .....        (no ring)
Stlth   +++          (no ring)
HPRegen 0.29/turn    (no ring)
MPRegen 0.12/turn    (no ring)
                     (no ring)

%: acrobat, wizardry (x1)
@: beast-form
A: beast (slay +3), almost no armour, amphibious, 8 rings, camouflage 1,
gelatinous body 1, (nimble swimmer 1), tentacles
a: Begin Untransformation, Renounce Religion, Potion Petition, Call Merchant,
Bribe Branch


You were on level 6 of the Dungeon.
You worshipped Gozag.
Gozag was aware of your devotion.
You were a hulking beast.
You visited 2 branches of the dungeon, and saw 7 of its levels.

You collected 578 gold pieces.
You spent 264 gold pieces at shops.
You paid 127 gold pieces to Gozag.

Inventory:

Jewellery
 j - a ring of wizardry (left tentacle)
 k - a ring of protection from fire (right tentacle)
 m - an amulet of the acrobat (around mantle)
Talismans
 b - a beast talisman
 c - a flux talisman
 f - a serpent talisman
Wands
 p - a wand of roots (5)
 r - a wand of flame (14)
 x - a wand of paralysis (10)
Scrolls
 d - a scroll of brand weapon
 e - 2 scrolls of revelation {unknown}
 g - 3 scrolls of fog
 i - 2 scrolls of teleportation {unknown}
 l - 2 scrolls of summoning
 n - a scroll of immolation
 t - a scroll of blinking
 u - 2 scrolls of enchant armour
 w - a scroll of vulnerability
 y - a scroll of enchant weapon {unknown}
Potions
 a - a potion of lignification
 h - a potion of curing {unknown}
 o - 2 potions of might
 q - a potion of degeneration {unknown}
 s - a potion of magic {unknown}
 v - 3 potions of heal wounds {unknown}
 z - a potion of cancellation {unknown}
 A - a potion of enlightenment {unknown}
 B - 2 potions of resistance


   Skills:
 - Level 3.0 Fighting
 - Level 3.0 Dodging
 - Level 3.0 Stealth
 - Level 8.1 Unarmed Combat
 - Level 1.0 Spellcasting
 - Level 2.0 Translocations
 - Level 1.0 Evocations
 * Level 6.7 Shapeshifting


You had 8 spell levels left.
You knew the following spells:

 Your Spells              Type           Power      Damage    Failure   Level
a - Blink                 Tloc           10%        N/A       8%          2

Your spell library contained the following spells:

 Spells                   Type           Power      Damage    Failure   Level
 Foxfire                  Conj/Fire      0%         2x1d4     12%         1
 Momentum Strike          Conj/Tloc      6%         3d8       12%         2
 Mercury Vapours          Alch/Air       0%         N/A       16%         2
 Volatile Blastmotes      Fire/Tloc      6%         2d10      22%         3
 Dazzling Flash           Conj/Hex       0%         N/A       32%         3
 Hailstorm                Conj/Ice       0%         3d5       32%         3
 Mephitic Cloud           Conj/Alch/Air  0%         N/A       32%         3
 Summon Ice Beast         Ice/Summ       0%         N/A       32%         3
 Iskenderun's Mystic Bla  Conj/Tloc      3%         2d3       56%         4
 Freezing Cloud           Conj/Ice/Air   0%         6-21      95%         5
 Plasma Beam              Fire/Air       0%         2x1d10    100%        6
 Sculpt Simulacrum        Ice/Alch       0%         N/A       100%        6
 Starburst                Conj/Fire      0%         6d3       100%        6
 Haunt                    Necr/Summ      0%         N/A       100%        7
 Maxwell's Capacitive Co  Air            0%         ∞         100%        8


Dungeon Overview and Level Annotations

Branches:
Dungeon (6/15)             Temple (1/1) D:5

Altars:
Ashenzari
Cheibriados
Dithmenos
Elyvilon
Fedhas
Gozag
Hepliaklqana
Kikubaaqudgha
Nemelex Xobeh
Okawaru
Qazlal
Sif Muna
Uskayaw
Vehumet
Xom
Yredelemnul
Zin
The Shining One

Shops:
D:1 :   D:2 ?   D:3 :((

Annotations:
D:5 3 runed translucent doors, WackyWallWaker's ghost, amateur OpSh


Innate Abilities, Weirdness & Mutations

You are a hulking beast.
Your limbs bulge with bestial killing power. (Slay +3)
You cannot wear most types of armour.
You are amphibious.
You can wear up to eight rings at the same time.
Your skin changes colour to match your surroundings (Stealth+).
Your rubbery body absorbs attacks. (AC +1, EV +1)
((You are camouflaged when in or above water. (Stealth+)))
You have tentacles for arms and can constrict up to eight enemies at once.


Message History

You miss the killer bee. You grab the killer bee.
You tentacle-slap the killer bee. You squeeze the killer bee.
The killer bee is moderately wounded.
You constrict the killer bee. The killer bee barely misses you.
The killer bee closely misses you.
You closely miss the killer bee.
You squeeze the killer bee, but do no damage.
The killer bee is heavily wounded.
You constrict the killer bee. The killer bee stings you.
You bludgeon the killer bee!
You kill the killer bee!
You now have 187 gold pieces (gained 8).
You see here a +0 whip.
You start resting.
HP restored.
The yak bellows!
You bludgeon the yak!
The yak is lightly wounded.
The yak closely misses you.
You barely miss the yak.
The yak is lightly wounded.
The yak gores you!
You tentacle-slap the yak.
The yak is moderately wounded.
You barely miss the yak. You squeeze the yak.
The yak is moderately wounded.
The yak gores you!
You bludgeon the yak! You squeeze the yak.
The yak is severely wounded.
The yak gores you!
You tentacle-slap the yak.
The yak is almost dead.
The yak gores you!
* * * LOW HITPOINT WARNING * * *
Unknown command.
You barely miss the yak. Your squeeze misses the yak.
The yak is almost dead.
The yak gores you!
You die...
Your body crumbles into a pile of gold.

..#####....#.#.......#
.......... #.#
#....#.#...#.#.#
.#........ #.#
#..>.#.#.......#
..#.#...## ..#
#.)..#.#....#..#........#
#######....#.#.#.........#
..###
#...............##....###
....Y
#.###.#.#.)####..........
.Y...
#.###..###..###Y#####.^.#
.#. #.#...## ##...#h# .
#.#.#..###.##.#.##
#.......#..#.....#
####.##.#.........#
........#.........#
.#.#.#.#.#..#'#...###
.#...#.##.###.##....#
####.#.##.##...####.#
.#...#...##.....###.#


You could see a yak.

Vanquished Creatures
  Sigmund (D:2)
  A yak (D:5)
  A black bear (D:5)
  A centaur (D:6)
  2 phantoms
  3 scorpions
  4 wights (D:5)
  4 killer bees
  A howler monkey (D:6)
  6 hounds
  5 iguanas
  An orc wizard (D:6)
  10 adders
  4 ribbon worms
  2 dart slugs
  4 orcs
  7 ball pythons
  5 endoplasms
  4 giant cockroaches
  9 goblins
  3 hobgoblins
  6 kobolds
  7 quokkas
  5 bats
  6 frilled lizards
  4 rats
106 creatures vanquished.

Notes
Turn   | Place    | Note
-------+----------+-------------------------------------------
     0 | D:1      | monsoonserge the Octopode Shapeshifter began the quest for
                  | the Orb.
     0 | D:1      | Reached XP level 1. HP: 13/13 MP: 1/1
    49 | D:1      | Found Toqiamud's Book Boutique.
    64 | D:1      | Reached skill level 1 in Stealth
    64 | D:1      | Reached XP level 2. HP: 18/18 MP: 2/2
   340 | D:1      | Reached XP level 3. HP: 13/24 MP: 3/3
   619 | D:2      | Found Sicvot's Magic Scroll Shoppe.
   654 | D:2      | Got the Compendium of Unspeakable Words and the Wayfarer
   658 | D:2      | Learned a level 2 spell: Blink
   930 | D:2      | Reached XP level 4. HP: 29/29 MP: 4/4
   934 | D:2      | Noticed Sigmund
  1054 | D:2      | Reached skill level 1 in Translocations
  1225 | D:3      | Found Xumpesilo's Book Shop.
  1266 | D:3      | Reached skill level 1 in Spellcasting
  1314 | D:3      | Found Aghibarph's Antique Weapon Shoppe.
  1339 | D:3      | Found a shimmering blue altar of Sif Muna.
  1340 | D:3      | Found a hide-covered altar of Uskayaw.
  1432 | D:3      | Found an ancient bone altar of Kikubaaqudgha.
  1457 | D:3      | Found a faded altar of an unknown god.
  1614 | D:3      | Found Gunkin's Weapon Emporium.
  1614 | D:3      | Noticed a +0 demon whip
  1615 | D:3      | Noticed a +0 quick blade
  1667 | D:3      | Reached XP level 5. HP: 27/34 MP: 6/6
  2183 | D:4      | Reached skill level 4 in Unarmed Combat
  2295 | D:4      | Reached skill level 5 in Unarmed Combat
  2295 | D:4      | Reached XP level 6. HP: 39/39 MP: 7/7
  2616 | D:4      | Found a hazy altar of Hepliaklqana.
  2741 | D:4      | Found a broken altar of Ashenzari.
  2875 | D:2      | Bought a scroll of blinking for 90 gold pieces
  2875 | D:2      | Bought a scroll of summoning for 114 gold pieces
  2875 | D:2      | Bought a scroll of fog for 48 gold pieces
  2875 | D:2      | Bought a scroll of noise for 12 gold pieces
  2975 | D:5      | Entered Level 5 of the Dungeon
  3185 | D:5      | Reached XP level 7. HP: 45/45 MP: 8/8
  3236 | D:5      | Reached skill level 6 in Unarmed Combat
  3305 | D:5      | Found a staircase to the Ecumenical Temple.
  3314 | Temple   | Entered the Ecumenical Temple
  3662 | D:5      | Found a runed translucent gate.
  3662 | D:5      | Found a runed translucent gate.
  3662 | D:5      | Found a runed translucent gate.
  3677 | D:5      | Noticed WackyWallWaker's ghost (amateur OpSh)
  3809 | D:5      | Reached skill level 1 in Evocations
  3823 | D:5      | Reached skill level 7 in Unarmed Combat
  3826 | D:5      | HP: 1/43 [wight/+5 great sword (10)]
  3828 | D:5      | Reached XP level 8. HP: 1/51 MP: 9/9
  4223 | D:2      | Killed Sigmund
  4319 | Temple   | Became a worshipper of Gozag Ym Sagoz the Greedy
  4627 | D:6      | Noticed a yak
  4627 | D:6      | Noticed a yak
  4651 | D:6      | Noticed a yak
  4657 | D:5      | Killed a yak
  4724 | D:6      | Reached skill level 5 in Shapeshifting
  4918 | D:5      | Reached skill level 8 in Unarmed Combat
  5321 | D:6      | Reached XP level 9. HP: 56/56 MP: 10/10
  5451 | D:6      | Slain by a yak

Illustrated notes

Levels and vault maps discovered:
D:1:      mrwooster_arrival_statue_2, layout_basic, serial_shops,
          nicolae_book_shop_shelving, nrook_mini_vaults
D:2:      layout_loops_ring, serial_shops, shop, uniq_sigmund
D:3:      layout_loops_corners, gammafunk_temple_overflow_statue,
          kiku_gazebo_garden_becter, hellmonk_ecumenical_altar_slurped_away,
          serial_shops, nicolae_shop_mannequins, shop, nicolae_shop_peninsula
D:4:      layout_loops_cross, mainiacjoe_overflow_alcove_2,
          mainiacjoe_overflow_boulevard
D:5:      layout_gridville, minmay_temple_entry_offerings,
          gammafunk_ghost_nasty_kobolds, serial_bayou_crossing
D:6:      lemuel_castle_with_subvaults [lemuel_castle_interior_carwin_2],
          layout_loops_cross, hangedman_decor_lopped, grunt_ministairs_15,
          kennysheep_nondescript
Temple:   nicolae_temple_figure_eight

Skill      XL: |  1  2  3  4  5  6  7  8 |
---------------+-------------------------+-----
Stealth        | 1 2 3 |  3.0
Fighting       | 2 3 |  3.0
Translocations | 1 2 |  2.0
Spellcasting   | 1 |  1.0
Unarmed Combat | 5 7 8 |  8.1
Dodging        | 3 |  3.0
Evocations     | 1 |  1.0
Shapeshifting  | 6 |  6.7

Action                     |  1- 3 |  4- 6 |  7- 9 || total
---------------------------+-------+-------+-------++-------
  Melee: Unarmed           |    63 |    96 |    94 ||   253
         Constrict         |    18 |    21 |    16 ||    55
         Tentacles         |     9 |    21 |    29 ||    59
         Punch             |       |     2 |     6 ||     8
  Evoke: Wand              |       |       |     5 ||     5
    Use: Scroll            |       |       |     6 ||     6
         Potion            |       |       |     1 ||     1
   Stab: Sleeping          |     8 |    15 |     3 ||    26
         Distracted        |       |     1 |       ||     1
 Armour: Skin              |    14 |    21 |    72 ||   107
  Dodge: Dodged            |    43 |    47 |    60 ||   150
